 Dungeon Crawl Stone Soup version 0.28.0 (webtiles) character file.

Game seed: 15235718541087995982

72 Descartes the Ducker (level 4, 0/34 HPs)
             Began as a Djinni Warper on Feb 7, 2022.
             Slain by a kobold (4 damage)
             ... on level 3 of the Dungeon.
             The game lasted 00:04:18 (2339 turns).

Descartes the Ducker (Djinni Warper)                Turns: 2339, Time: 00:04:19

Health: 0/34       AC:  9    Str: 12    XL:     4   Next: 50%
Gold:   37         EV: 12    Int: 15    God:
                   SH:  0    Dex: 12

rFire   + + +      SeeInvis .   a - +0 falchion
rCold   x . .      Faith    .   (no shield)
rNeg    . . .      Spirit   .   h - +0 leather armour {rF+}
rPois   ∞          Reflect  .   i - +1 helmet
rElec   .          Harm     .   (no cloak)
rCorr   .          Rampage  .   (no gloves)
Will    .....                   (boots unavailable)
Stlth   +.........              (no amulet)
HPRegen 0.11/turn               l - +4 ring of protection
MPRegen 0.00/turn               (no ring)

@: on blink cooldown, flying
A: sickness immunity, fire resistance 2, cold vulnerability 1, float, innate
caster, HP casting, extra vitality 1
a: no special abilities


You were on level 3 of the Dungeon.
You visited 1 branch of the dungeon, and saw 3 of its levels.

You collected 37 gold pieces.

Inventory:

Hand Weapons
 a - a +0 falchion (weapon)
Missiles
 d - 5 boomerangs of dispersal (quivered)
 n - 2 stones
Armour
 h - a +0 leather armour of fire resistance (worn)
 i - a +1 helmet (worn)
 m - a +0 plate armour
Jewellery
 l - a +4 ring of protection (left hand)
Scrolls
 b - a scroll of enchant armour {unknown}
 c - 2 scrolls of blinking
 e - 3 scrolls of acquirement {unknown}
 j - 3 scrolls of identify {unknown}
 k - a scroll of immolation {unknown}
Potions
 f - a potion of curing {unknown}
 g - 2 potions of attraction {unknown}
 o - a potion of brilliance {unknown}
 p - a potion of flight {unknown}


   Skills:
 + Level 2.5 Fighting
 + Level 2.3 Long Blades
 - Level 1.0 Throwing
 + Level 1.8 Armour
 + Level 2.8 Dodging
 + Level 2.7 Spellcasting


You couldn't memorise any spells.
You knew the following spells:

 Your Spells              Type           Power      Damage    Failure   Level
a - Blink                 Tloc           20%        N/A       13%         2
b - Lesser Beckoning      Tloc           10%        N/A       26%         3
c - Gell's Gravitas       Tloc           10%        N/A       26%         3
d - Teleport Other        Tloc           10%        N/A       26%         3
e - Manifold Assault      Tloc           10%        N/A       93%         5
f - Apportation           Tloc           20%        N/A       9%          1
Your spell library was empty.

Dungeon Overview and Level Annotations

Branches:
Dungeon (3/15)

Altars:

Shops:
D:2 =

Annotations:
D:3 Terence


Innate Abilities, Weirdness & Mutations

You are immune to sickness and miasma.
You are immune to poison.
Your flesh is very heat resistant. (rF++)
You are vulnerable to cold. (rC-)
You float through the air rather than walking.
You learn spells naturally, not from books.
Your magical power is your life essence.
You have superior vitality. (+4 MHP)


Message History

The water moccasin bites you!
You closely miss the water moccasin.
The water moccasin is heavily wounded.
The water moccasin completely misses you.
The water moccasin bites you but does no damage.
You hit the water moccasin.
The water moccasin is severely wounded.
The water moccasin bites you.
You barely miss the water moccasin.
The water moccasin is severely wounded.
The water moccasin bites you. The water moccasin barely misses you.
You are too injured to fight recklessly!
You are too injured to fight recklessly!
You are too injured to fight recklessly!
You are too injured to fight recklessly!
You are too injured to fight recklessly!
You are too injured to fight recklessly!
You are too injured to fight recklessly!
You closely miss the water moccasin.
The water moccasin is severely wounded.
The water moccasin barely misses you. The water moccasin bites you!
* * * LOW HITPOINT WARNING * * *
You barely miss the water moccasin.
The water moccasin is severely wounded.
The water moccasin bites you but does no damage.
You hit the water moccasin.
The water moccasin is severely wounded.
The water moccasin misses you. The water moccasin barely misses you.
You hit the water moccasin.
The water moccasin is almost dead.
The water moccasin bites you but does no damage.
The water moccasin bites you.
* * * LOW HITPOINT WARNING * * *
Cast which spell? (? or * to list)
You blink.
* * * LOW HITPOINT WARNING * * *
The kobold misses you. The rat closely misses you. The rat misses you.
The kobold closely misses you. The kobold hits you with a +0 club.
You die...

#........
.........
#........
#........
#........
##........
##.....!...
#####...###.#
#....S(K@...#
#.###.rK###.#
##.## #.# #.#
#.# #.# #.#
#.# #.# #.#
#.# #.#
#.###.#
#.####.....#
#......##..#


You could see a water moccasin, 2 kobolds and a rat.

Vanquished Creatures
  A killer bee zombie (D:3)
  Robin (D:2)
  An adder (D:2)
  An orc (D:3)
  An endoplasm (D:2)
  10 goblins
  4 hobgoblins
  4 quokkas
  2 ball pythons
  A bat (D:2)
  3 kobolds (D:2)
  A rat (D:2)
30 creatures vanquished.

Vanquished Creatures (others)
  3 demonic plants (D:3)
  A withered plant (D:3)
4 creatures vanquished.

Grand Total: 34 creatures vanquished

Notes
Turn   | Place    | Note
-------+----------+-------------------------------------------
     0 | D:1      | Descartes the Djinni Warper began the quest for the Orb.
     0 | D:1      | Reached XP level 1. HP: 18/18 MP: 0/0
   320 | D:1      | Reached XP level 2. HP: 20/23 MP: 0/0
  1050 | D:2      | Reached skill level 1 in Throwing
  1187 | D:2      | Found Nuecwour's Jewellery Shop.
  1219 | D:2      | Reached XP level 3. HP: 22/28 MP: 0/0
  1219 | D:2      | Learned a level 1 spell: Apportation
  1869 | D:3      | Noticed Terence
  1985 | D:3      | Noticed Robin
  2264 | D:2      | Killed Robin
  2265 | D:2      | Reached XP level 4. HP: 30/34 MP: 0/0
  2314 | D:3      | Noticed a water moccasin
  2339 | D:3      | Slain by a kobold

Illustrated notes

Levels and vault maps discovered:
D:1:      amcnicky_arrival_flooded_fountain, layout_basic, serial_glass,
          glass_columns_a, glass_columns_c
D:2:      layout_basic, serial_shops, nicolae_shop_advertising_works
          [nicolae_subvault_shop_adworks]
D:3:      layout_loops_ring, chequers_temple_overflow_statue_of_worship,
          shapermc_ecumenical_altar_gd, uniq_terence, uniq_robin

Skill      XL: |  1  2 |
---------------+-------+-----
Long Blades    | 2 |  2.3
Throwing       | 1 |  1.0
Fighting       | |  2.5
Armour         | |  1.8
Dodging        | |  2.8
Spellcasting   | |  2.7

Action                   |  1- 3 |  4- 6 || total
-------------------------+-------+-------++-------
Melee: Falchion          |   116 |    20 ||   136
 Cast: Blink             |       |     1 ||     1
 Stab: Sleeping          |     2 |       ||     2
Armor: Leather armour    |    63 |    18 ||    81
Dodge: Dodged            |    79 |    18 ||    97
